2109 views
Uploaded 2022-12-16 20:21:58
Game version 1.32.10
20:46 long 4on4 ladder game on (8)Sanctuary_LV
Saved by DKnight
2109 views
Uploaded 2022-12-16 20:21:58
Game version 1.32.10
20:46 long 4on4 ladder game on (8)Sanctuary_LV


177 units @ 22.7k
/ 3.2k
84 buildings @ 11.5k
/ 5.4k



| Potion of Healing | 1 | 150 |
| Scroll of Regeneration | 2 | 200 |
| Lesser Clarity Potion | 4 | 280 |
| Staff of Sanctuary | 1 | 250 |
| Scroll of Town Portal | 2 | 700 |
| total: | 10 | 1580g |
| Peasant | 12 | 900 | / | 0 |
| Footman | 5 | 675 | / | 0 |
| Rifleman | 5 | 1025 | / | 150 |
| Mortar Team | 4 | 720 | / | 280 |
| Sorceress | 3 | 465 | / | 60 |
| Priest | 2 | 270 | / | 20 |
| Spell Breaker | 3 | 645 | / | 90 |
| Knight | 2 | 490 | / | 120 |
| Flying Machine | 16 | 1600 | / | 480 |
| Goblin Shredder | 1 | 375 | / | 100 |
| total: | 53 | 7165g | / | 1300w |
| Scout Tower | 1 | 30 | / | 20 |
| Altar of Kings | 1 | 180 | / | 50 |
| Farm | 10 | 800 | / | 200 |
| Barracks | 1 | 160 | / | 60 |
| Lumber Mill | 2 | 240 | / | 0 |
| Town Hall | 2 | 770 | / | 410 |
| Blacksmith | 1 | 140 | / | 60 |
| Arcane Vault | 3 | 390 | / | 90 |
| Arcane Sanctum | 1 | 150 | / | 140 |
| Workshop | 3 | 420 | / | 420 |
| Keep | 1 | 320 | / | 210 |
| Castle | 1 | 360 | / | 210 |
| total: | 25 | 3280g | / | 1450w |
| 0:01 | Peasant |
| 0:02 | Peasant |
| 0:07 | Altar of Kings |
| 0:18 | Farm |
| 0:19 | Farm |
| 0:21 | Barracks |
| 0:33 | Peasant |
| 0:47 | Peasant |
| 1:01 | Peasant |
| 1:18 | Peasant |
| 1:23 | Footman |
| 1:29 | Farm |
| 1:32 | Peasant |
| 1:43 | Footman |
| 2:00 | Peasant |
| 2:04 | Footman |
| 2:11 | Summon Water Elemental |
| 2:14 | Peasant |
| 2:29 | Lumber Mill |
| 2:31 | Lumber Mill |
| 2:57 | Footman |
| 2:58 | Peasant |
| 3:20 | Peasant |
| 3:24 | Brilliance Aura |
| 3:34 | Peasant |
| 3:41 | Town Hall |
| 4:27 | Keep |
| 4:47 | Summon Water Elemental |
| 5:06 | Goblin Shredder |
| 5:13 | Blacksmith |
| 5:14 | Defend |
| 5:21 | Arcane Vault |
| 5:24 | Arcane Vault |
| 5:30 | Farm |
| 5:45 | Footman |
| 6:12 | Rifleman |
| 6:15 | Black Gunpowder |
| 6:18 | Farm |
| 6:38 | Rifleman |
| 6:51 | Long Rifles |
| 6:55 | Arcane Sanctum |
| 6:59 | Workshop |
| 7:01 | Improved Masonry |
| 7:03 | Castle |
| 7:34 | Brilliance Aura |
| 7:41 | Rifleman |
| 7:48 | Potion of Healing |
| 7:48 | Scroll of Regeneration |
| 7:48 | Lesser Clarity Potion |
| 7:51 | Storm Bolt |
| 8:05 | Rifleman |
| 8:06 | Refined Gunpowder |
| 8:30 | Mortar Team |
| 8:31 | Sorceress |
| 8:32 | Priest |
| 8:42 | Farm |
| 8:45 | Farm |
| 9:04 | Mortar Team |
| 9:05 | Spell Breaker |
| 9:06 | Priest |
| 10:05 | Workshop |
| 10:11 | Scroll of Town Portal |
| 10:11 | Lesser Clarity Potion |
| 10:11 | Scroll of Regeneration |
| 10:15 | Staff of Sanctuary |
| 10:24 | Knight |
| 10:25 | Animal War Training |
| 10:30 | Holy Light |
| 10:32 | Farm |
| 10:33 | Farm |
| 10:44 | Bash |
| 11:11 | Flak Cannons |
| 11:31 | Flying Machine |
| 11:57 | Priest Adept Training |
| 11:59 | Flying Machine |
| 12:01 | Rifleman |
| 12:03 | Sorceress |
| 12:45 | Knight |
| 12:59 | Divine Shield |
| 13:08 | Flying Machine |
| 13:17 | Workshop |
| 13:21 | Lesser Clarity Potion |
| 13:23 | Flying Machine |
| 13:27 | Spell Breaker |
| 13:35 | Iron Forged Swords |
| 13:35 | Imbued Gunpowder |
| 13:43 | Flying Machine |
| 13:55 | Sorceress |
| 13:56 | Spell Breaker |
| 13:58 | Flying Machine |
| 14:13 | Mortar Team |
| 14:16 | Flying Machine |
| 14:32 | Farm |
| 14:34 | Mortar Team |
| 14:36 | Flying Machine |
| 14:58 | Flying Machine |
| 15:05 | Priest Master Training |
| 15:10 | Flying Machine |
| 15:17 | Summon Water Elemental |
| 15:21 | Sorceress Adept Training |
| 15:27 | Flying Machine |
| 16:29 | Flying Machine Bombs |
| 16:47 | Storm Bolt |
| 16:54 | Flying Machine |
| 17:30 | Flying Machine |
| 18:05 | Flying Machine |
| 18:08 | Town Hall |
| 18:19 | Scroll of Town Portal |
| 18:19 | Lesser Clarity Potion |
| 19:03 | Scout Tower |
| 19:07 | Arcane Vault |
| 19:53 | Flying Machine |
| 20:08 | Flying Machine |
| 20:16 | Holy Light |
| Select group | 1877 |
| Right click | 1215 |
| Select | 579 |
| Misc. action | 142 |
| Build/train/purchase | 122 |
| Assign group | 113 |
| Use ability | 65 |
| Item give/drop | 6 |
| Minimap ping | 6 |


| Rod of Necromancy | 1 | 150 |
| total: | 1 | 150g |
| Acolyte | 15 | 1125 | / | 0 |
| Ghoul | 7 | 840 | / | 0 |
| Crypt Fiend | 11 | 2365 | / | 440 |
| Necromancer | 2 | 290 | / | 40 |
| Frost Wyrm | 1 | 385 | / | 120 |
| total: | 36 | 5005g | / | 600w |
| Nerubian Tower | 3 | 300 | / | 60 |
| Spirit Tower | 5 | 725 | / | 200 |
| Altar of Darkness | 1 | 180 | / | 50 |
| Ziggurat | 9 | 1350 | / | 450 |
| Tomb of Relics | 1 | 130 | / | 30 |
| Crypt | 1 | 200 | / | 50 |
| Graveyard | 1 | 215 | / | 0 |
| Temple of the Damned | 1 | 155 | / | 140 |
| Slaughterhouse | 2 | 280 | / | 270 |
| Boneyard | 1 | 175 | / | 200 |
| Halls of the Dead | 1 | 320 | / | 210 |
| Black Citadel | 1 | 325 | / | 230 |
| total: | 17 | 2685g | / | 1190w |
| 0:04 | Acolyte |
| 0:05 | Acolyte |
| 0:08 | Altar of Darkness |
| 0:11 | Ziggurat |
| 0:28 | Tomb of Relics |
| 0:50 | Crypt |
| 1:15 | Ziggurat |
| 1:25 | Acolyte |
| 1:52 | Ghoul |
| 1:52 | Ghoul |
| 1:54 | Nerubian Tower |
| 2:12 | Ghoul |
| 2:32 | Ghoul |
| 2:40 | Ziggurat |
| 2:48 | Ghoul |
| 3:11 | Life Drain |
| 4:23 | Halls of the Dead |
| 4:28 | Graveyard |
| 4:43 | Ghoul |
| 5:08 | Ziggurat |
| 5:25 | Rod of Necromancy |
| 5:45 | Ghoul |
| 6:46 | Temple of the Damned |
| 7:06 | Slaughterhouse |
| 7:42 | Acolyte |
| 7:42 | Acolyte |
| 7:42 | Acolyte |
| 7:42 | Acolyte |
| 7:53 | Silence |
| 8:11 | Spirit Tower |
| 8:12 | Nerubian Tower |
| 8:23 | Death Coil |
| 8:39 | Web |
| 8:40 | Crypt Fiend |
| 8:40 | Crypt Fiend |
| 8:41 | Crypt Fiend |
| 8:48 | Necromancer |
| 8:48 | Necromancer |
| 9:17 | Creature Carapace |
| 9:18 | Creature Attack |
| 10:00 | Crypt Fiend |
| 10:08 | Skeletal Mastery |
| 10:09 | Necromancer Adept Training |
| 10:52 | Ziggurat |
| 10:53 | Ziggurat |
| 12:42 | Spirit Tower |
| 12:52 | Black Citadel |
| 12:56 | Slaughterhouse |
| 13:02 | Silence |
| 13:52 | Crypt Fiend |
| 13:52 | Crypt Fiend |
| 13:53 | Crypt Fiend |
| 14:35 | Ziggurat |
| 14:39 | Ziggurat |
| 14:50 | Ziggurat |
| 15:09 | Improved Creature Carapace |
| 15:09 | Improved Creature Attack |
| 15:17 | Boneyard |
| 15:27 | Acolyte |
| 15:27 | Acolyte |
| 15:27 | Acolyte |
| 15:27 | Acolyte |
| 15:33 | Nerubian Tower |
| 15:35 | Spirit Tower |
| 16:32 | Unholy Aura |
| 17:38 | Acolyte |
| 17:38 | Acolyte |
| 17:38 | Acolyte |
| 17:38 | Acolyte |
| 17:46 | Crypt Fiend |
| 17:46 | Crypt Fiend |
| 17:46 | Crypt Fiend |
| 17:46 | Crypt Fiend |
| 17:49 | Freezing Breath |
| 17:49 | Frost Wyrm |
| 17:57 | Spirit Tower |
| 18:45 | Advanced Creature Attack |
| 18:51 | Spirit Tower |
| Right click | 430 |
| Select | 267 |
| Build/train/purchase | 70 |
| Use ability | 17 |
| Resource trade | 5 |
| Misc. action | 2 |
| Assign group | 1 |

| Potion of Healing | 1 | 150 |
| Scroll of Town Portal | 3 | 1050 |
| total: | 4 | 1200g |
| Wisp | 41 | 2460 | / | 0 |
| Archer | 14 | 1820 | / | 140 |
| Hippogryph | 8 | 1280 | / | 160 |
| Chimaera | 1 | 330 | / | 70 |
| Glaive Thrower | 1 | 210 | / | 65 |
| Crypt Fiend | 2 | 430 | / | 80 |
| Frost Wyrm | 2 | 770 | / | 240 |
| total: | 69 | 7300g | / | 755w |
| Ancient Protector | 1 | 135 | / | 80 |
| Altar of Elders | 1 | 180 | / | 50 |
| Moon Well | 5 | 900 | / | 200 |
| Ancient of War | 1 | 150 | / | 60 |
| Tree of Life | 2 | 680 | / | 370 |
| Hunter's Hall | 1 | 210 | / | 100 |
| Ancient of Wonders | 2 | 180 | / | 60 |
| Ancient of Wind | 2 | 300 | / | 280 |
| Chimaera Roost | 2 | 280 | / | 380 |
| Tree of Ages | 1 | 320 | / | 180 |
| Tree of Eternity | 1 | 330 | / | 200 |
| total: | 17 | 3015g | / | 1580w |
| 0:03 | Wisp |
| 0:03 | Wisp |
| 0:03 | Wisp |
| 0:04 | Wisp |
| 0:29 | Altar of Elders |
| 0:34 | Moon Well |
| 0:36 | Wisp |
| 0:57 | Wisp |
| 1:00 | Ancient of War |
| 1:05 | Wisp |
| 1:13 | Moon Well |
| 1:42 | Wisp |
| 1:55 | Wisp |
| 1:56 | Wisp |
| 2:01 | Archer |
| 2:06 | Moon Well |
| 2:18 | Archer |
| 2:31 | Archer |
| 2:33 | Mana Burn |
| 3:00 | Archer |
| 3:15 | Tree of Ages |
| 3:30 | Archer |
| 3:51 | Archer |
| 4:17 | Archer |
| 4:50 | Tree of Life |
| 4:53 | Evasion |
| 5:11 | Archer |
| 5:13 | Moon Well |
| 5:16 | Hunter's Hall |
| 5:58 | Mana Burn |
| 6:04 | Archer |
| 6:06 | Improved Bows |
| 6:10 | Ancient of Wind |
| 6:12 | Ancient of Wind |
| 6:13 | Wisp |
| 6:14 | Wisp |
| 6:15 | Wisp |
| 6:27 | Archer |
| 6:52 | Wisp |
| 6:52 | Wisp |
| 6:52 | Wisp |
| 6:52 | Wisp |
| 6:54 | Wisp |
| 8:04 | Tree of Eternity |
| 8:06 | Hippogryph |
| 8:24 | Ancient Protector |
| 8:25 | Wisp |
| 8:25 | Wisp |
| 8:25 | Wisp |
| 8:39 | Hippogryph |
| 8:54 | Strength of the Wild |
| 8:54 | Reinforced Hides |
| 9:14 | Archer |
| 9:21 | Ancient of Wonders |
| 9:36 | Wisp |
| 9:36 | Wisp |
| 9:37 | Wisp |
| 9:37 | Wisp |
| 9:37 | Wisp |
| 9:37 | Wisp |
| 10:07 | Archer |
| 10:09 | Hippogryph |
| 10:09 | Hippogryph |
| 10:34 | Hippogryph |
| 10:42 | Hippogryph |
| 11:03 | Wisp |
| 11:04 | Wisp |
| 11:04 | Wisp |
| 11:04 | Wisp |
| 11:04 | Wisp |
| 11:37 | Scroll of Town Portal |
| 12:37 | Potion of Healing |
| 12:43 | Evasion |
| 13:20 | Scroll of Town Portal |
| 13:43 | Improved Strength of the Wild |
| 13:44 | Improved Reinforced Hides |
| 14:20 | Wisp |
| 14:27 | Wisp |
| 14:28 | Wisp |
| 14:56 | Marksmanship |
| 15:01 | Wisp |
| 15:25 | Chimaera Roost |
| 15:26 | Wisp |
| 15:26 | Wisp |
| 15:27 | Wisp |
| 15:36 | Tree of Life |
| 17:16 | Chimaera |
| 17:18 | Chimaera Roost |
| 17:24 | Ancient of Wonders |
| 17:25 | Archer |
| 17:25 | Archer |
| 17:27 | Hippogryph |
| 17:27 | Hippogryph |
| 18:14 | Glaive Thrower |
| 18:40 | Moon Well |
| 18:44 | Corrosive Breath |
| 18:48 | Wisp |
| 18:48 | Wisp |
| 19:29 | Scroll of Town Portal |
| 20:16 | Crypt Fiend |
| 20:16 | Crypt Fiend |
| 20:23 | Frost Wyrm |
| 20:23 | Frost Wyrm |
| Select | 282 |
| Right click | 174 |
| Select group | 162 |
| Misc. action | 153 |
| Build/train/purchase | 102 |
| Use ability | 29 |
| Chat | 24 |
| Assign group | 15 |
| Minimap ping | 13 |
| Esc | 9 |
| Item give/drop | 1 |

| Scroll of Regeneration | 3 | 300 |
| Lesser Clarity Potion | 3 | 210 |
| Ivory Tower | 2 | 80 |
| Potion of Healing | 1 | 150 |
| Scroll of Town Portal | 3 | 1050 |
| total: | 12 | 1790g |
| Peasant | 7 | 525 | / | 0 |
| Footman | 5 | 675 | / | 0 |
| Gryphon Rider | 6 | 1680 | / | 420 |
| Goblin Shredder | 1 | 375 | / | 100 |
| total: | 19 | 3255g | / | 520w |
| Scout Tower | 3 | 90 | / | 60 |
| Guard Tower | 4 | 280 | / | 200 |
| Arcane Tower | 1 | 70 | / | 50 |
| Altar of Kings | 1 | 180 | / | 50 |
| Barracks | 1 | 160 | / | 60 |
| Farm | 11 | 880 | / | 220 |
| Lumber Mill | 1 | 120 | / | 0 |
| Arcane Vault | 2 | 260 | / | 60 |
| Blacksmith | 2 | 280 | / | 120 |
| Gryphon Aviary | 4 | 560 | / | 600 |
| Keep | 2 | 640 | / | 420 |
| Castle | 2 | 720 | / | 420 |
| total: | 25 | 2530g | / | 1170w |
| 0:03 | Peasant |
| 0:03 | Peasant |
| 0:06 | Altar of Kings |
| 0:20 | Barracks |
| 0:26 | Peasant |
| 0:34 | Farm |
| 0:49 | Farm |
| 0:53 | Peasant |
| 1:05 | Peasant |
| 1:16 | Peasant |
| 1:24 | Footman |
| 1:32 | Peasant |
| 1:43 | Farm |
| 1:49 | Footman |
| 2:12 | Footman |
| 2:28 | Holy Light |
| 2:37 | Keep |
| 2:53 | Lumber Mill |
| 2:59 | Arcane Vault |
| 3:04 | Arcane Vault |
| 3:07 | Footman |
| 4:03 | Footman |
| 4:30 | Defend |
| 4:34 | Blacksmith |
| 4:38 | Blacksmith |
| 5:18 | Devotion Aura |
| 5:24 | Scroll of Regeneration |
| 5:25 | Lesser Clarity Potion |
| 5:34 | Improved Lumber Harvesting |
| 5:36 | Castle |
| 6:10 | Holy Light |
| 6:26 | Gryphon Aviary |
| 6:28 | Gryphon Aviary |
| 6:45 | Farm |
| 6:46 | Advanced Lumber Harvesting |
| 7:48 | Farm |
| 7:57 | Gryphon Aviary |
| 7:59 | Farm |
| 9:03 | Devotion Aura |
| 9:39 | Gryphon Rider |
| 9:39 | Storm Hammers |
| 9:42 | Gryphon Aviary |
| 9:50 | Farm |
| 9:52 | Iron Forged Swords |
| 9:55 | Scroll of Town Portal |
| 9:55 | Lesser Clarity Potion |
| 10:14 | Ivory Tower |
| 10:14 | Ivory Tower |
| 10:28 | Scout Tower |
| 10:35 | Goblin Shredder |
| 11:11 | Guard Tower |
| 11:36 | Gryphon Rider |
| 12:16 | Gryphon Rider |
| 12:39 | Gryphon Rider |
| 12:44 | Animal War Training |
| 12:53 | Guard Tower |
| 12:54 | Improved Masonry |
| 12:58 | Scout Tower |
| 13:11 | Scroll of Regeneration |
| 13:33 | Arcane Tower |
| 13:34 | Guard Tower |
| 14:37 | Scroll of Town Portal |
| 14:37 | Potion of Healing |
| 14:51 | Farm |
| 15:36 | Farm |
| 15:37 | Farm |
| 15:38 | Farm |
| 16:06 | Devotion Aura |
| 17:31 | Scout Tower |
| 18:23 | Gryphon Rider |
| 18:26 | Scroll of Regeneration |
| 18:30 | Lesser Clarity Potion |
| 18:35 | Scroll of Town Portal |
| 19:11 | Gryphon Rider |
| Right click | 547 |
| Select group | 301 |
| Select | 198 |
| Build/train/purchase | 72 |
| Use ability | 34 |
| Assign group | 29 |
| Misc. action | 14 |
| Minimap ping | 6 |
| Item give/drop | 1 |
| Esc | 1 |
152 units @ 23.4k
/ 3.9k
80 buildings @ 13.2k
/ 5k



| Rod of Necromancy | 1 | 150 |
| Orb of Corruption | 2 | 750 |
| Potion of Mana | 4 | 800 |
| Ritual Dagger | 2 | 250 |
| Lesser Clarity Potion | 1 | 70 |
| Scroll of Healing | 3 | 750 |
| Scroll of Town Portal | 2 | 700 |
| Healing Salve | 1 | 100 |
| total: | 16 | 3570g |
| Acolyte | 13 | 975 | / | 0 |
| Ghoul | 7 | 840 | / | 0 |
| Frost Wyrm | 7 | 2695 | / | 840 |
| Crypt Fiend | 2 | 430 | / | 80 |
| Goblin Shredder | 1 | 375 | / | 100 |
| total: | 30 | 5315g | / | 1020w |
| Ziggurat | 7 | 1050 | / | 350 |
| Crypt | 1 | 200 | / | 50 |
| Altar of Darkness | 1 | 180 | / | 50 |
| Necropolis | 3 | 675 | / | 0 |
| Tomb of Relics | 3 | 390 | / | 90 |
| Graveyard | 1 | 215 | / | 0 |
| Boneyard | 3 | 525 | / | 600 |
| Halls of the Dead | 1 | 320 | / | 210 |
| Black Citadel | 1 | 325 | / | 230 |
| total: | 19 | 3235g | / | 1140w |
| 0:01 | Acolyte |
| 0:01 | Acolyte |
| 0:04 | Ziggurat |
| 0:05 | Crypt |
| 0:34 | Altar of Darkness |
| 1:00 | Necropolis |
| 1:12 | Ghoul |
| 1:24 | Ghoul |
| 1:48 | Ghoul |
| 1:59 | Ghoul |
| 2:14 | Tomb of Relics |
| 2:16 | Tomb of Relics |
| 2:23 | Ghoul |
| 2:35 | Carrion Swarm |
| 2:37 | Halls of the Dead |
| 2:53 | Ghoul |
| 3:03 | Acolyte |
| 3:58 | Ghoul |
| 4:07 | Vampiric Aura |
| 4:14 | Acolyte |
| 4:15 | Acolyte |
| 4:36 | Ziggurat |
| 4:38 | Acolyte |
| 4:38 | Acolyte |
| 4:47 | Rod of Necromancy |
| 5:03 | Black Citadel |
| 5:41 | Ziggurat |
| 5:44 | Graveyard |
| 6:24 | Goblin Shredder |
| 6:54 | Carrion Swarm |
| 7:07 | Acolyte |
| 7:24 | Ghoul Frenzy |
| 7:26 | Boneyard |
| 7:30 | Boneyard |
| 7:48 | Necropolis |
| 7:52 | Necropolis |
| 8:16 | Boneyard |
| 8:28 | Vampiric Aura |
| 8:37 | Creature Attack |
| 9:05 | Frost Wyrm |
| 9:07 | Orb of Corruption |
| 9:07 | Scroll of Healing |
| 9:24 | Frost Nova |
| 9:41 | Frost Wyrm |
| 9:43 | Improved Creature Attack |
| 9:44 | Ziggurat |
| 9:46 | Acolyte |
| 9:46 | Acolyte |
| 9:46 | Acolyte |
| 9:46 | Acolyte |
| 9:49 | Ziggurat |
| 10:18 | Creature Carapace |
| 10:19 | Freezing Breath |
| 10:26 | Acolyte |
| 11:09 | Frost Wyrm |
| 11:15 | Frost Armor |
| 12:23 | Frost Wyrm |
| 12:24 | Advanced Creature Attack |
| 12:27 | Carrion Swarm |
| 13:06 | Potion of Mana |
| 13:13 | Scroll of Town Portal |
| 13:15 | Orb of Corruption |
| 13:20 | Ritual Dagger |
| 13:21 | Scroll of Healing |
| 13:22 | Potion of Mana |
| 13:53 | Silence |
| 14:19 | Frost Nova |
| 14:45 | Improved Creature Carapace |
| 14:48 | Web |
| 14:48 | Crypt Fiend |
| 14:52 | Tomb of Relics |
| 14:54 | Ziggurat |
| 15:14 | Frost Wyrm |
| 17:21 | Frost Wyrm |
| 17:24 | Potion of Mana |
| 17:29 | Ritual Dagger |
| 17:30 | Scroll of Healing |
| 17:31 | Scroll of Town Portal |
| 17:33 | Potion of Mana |
| 18:02 | Lesser Clarity Potion |
| 18:02 | Healing Salve |
| 18:26 | Crypt Fiend |
| 18:55 | Black Arrow |
| 19:11 | Frost Wyrm |
| 19:14 | Ziggurat |
| Right click | 459 |
| Select | 424 |
| Misc. action | 151 |
| Select group | 92 |
| Build/train/purchase | 88 |
| Assign group | 56 |
| Use ability | 47 |
| Resource trade | 15 |
| Chat | 9 |
| Item give/drop | 5 |
| Esc | 2 |


| Rod of Necromancy | 2 | 300 |
| Orb of Corruption | 1 | 375 |
| Scroll of Town Portal | 1 | 350 |
| Scroll of Healing | 2 | 500 |
| Potion of Lesser Invulnerability | 1 | 150 |
| Orb of Lightning | 1 | 375 |
| total: | 8 | 2050g |
| Acolyte | 6 | 450 | / | 0 |
| Ghoul | 3 | 360 | / | 0 |
| Crypt Fiend | 18 | 3870 | / | 720 |
| Obsidian Statue | 5 | 1000 | / | 175 |
| Abomination | 7 | 1680 | / | 490 |
| total: | 39 | 7360g | / | 1385w |
| Nerubian Tower | 1 | 100 | / | 20 |
| Spirit Tower | 3 | 435 | / | 120 |
| Crypt | 1 | 200 | / | 50 |
| Ziggurat | 7 | 1050 | / | 350 |
| Graveyard | 1 | 215 | / | 0 |
| Altar of Darkness | 1 | 180 | / | 50 |
| Tomb of Relics | 1 | 130 | / | 30 |
| Slaughterhouse | 1 | 140 | / | 135 |
| Halls of the Dead | 1 | 320 | / | 210 |
| Black Citadel | 1 | 325 | / | 230 |
| total: | 12 | 1915g | / | 615w |
| 0:07 | Acolyte |
| 0:07 | Acolyte |
| 0:12 | Crypt |
| 0:28 | Ziggurat |
| 0:45 | Graveyard |
| 1:01 | Altar of Darkness |
| 1:13 | Ghoul |
| 1:36 | Tomb of Relics |
| 1:38 | Ghoul |
| 1:55 | Acolyte |
| 1:59 | Nerubian Tower |
| 2:16 | Ziggurat |
| 2:34 | Crypt Fiend |
| 2:59 | Rod of Necromancy |
| 3:01 | Death Coil |
| 3:22 | Halls of the Dead |
| 3:41 | Crypt Fiend |
| 4:04 | Crypt Fiend |
| 4:19 | Ziggurat |
| 4:43 | Crypt Fiend |
| 5:01 | Unholy Aura |
| 5:10 | Rod of Necromancy |
| 6:08 | Slaughterhouse |
| 6:14 | Acolyte |
| 6:14 | Acolyte |
| 6:41 | Death Coil |
| 6:45 | Acolyte |
| 6:57 | Web |
| 6:57 | Burrow |
| 7:06 | Frost Nova |
| 7:12 | Obsidian Statue |
| 7:15 | Obsidian Statue |
| 7:28 | Ziggurat |
| 8:13 | Obsidian Statue |
| 8:21 | Ghoul |
| 8:35 | Dark Ritual |
| 8:50 | Black Citadel |
| 9:22 | Unholy Aura |
| 9:43 | Ziggurat |
| 10:00 | Scroll of Town Portal |
| 10:02 | Orb of Lightning |
| 10:19 | Ziggurat |
| 10:20 | Spirit Tower |
| 10:43 | Crypt Fiend |
| 10:44 | Creature Attack |
| 10:44 | Creature Carapace |
| 11:45 | Crypt Fiend |
| 11:45 | Abomination |
| 11:47 | Frost Nova |
| 12:22 | Crypt Fiend |
| 12:22 | Abomination |
| 12:25 | Unholy Strength |
| 12:25 | Unholy Armor |
| 12:53 | Crypt Fiend |
| 12:53 | Crypt Fiend |
| 13:10 | Crypt Fiend |
| 13:14 | Disease Cloud |
| 13:15 | Crypt Fiend |
| 13:18 | Ziggurat |
| 13:20 | Spirit Tower |
| 13:49 | Potion of Lesser Invulnerability |
| 13:49 | Scroll of Healing |
| 14:27 | Improved Unholy Strength |
| 14:36 | Obsidian Statue |
| 14:46 | Dark Ritual |
| 14:56 | Spirit Tower |
| 15:03 | Orb of Corruption |
| 15:05 | Death Coil |
| 15:20 | Scroll of Healing |
| 15:34 | Crypt Fiend |
| 15:47 | Abomination |
| 15:48 | Crypt Fiend |
| 16:44 | Crypt Fiend |
| 16:45 | Abomination |
| 17:38 | Crypt Fiend |
| 17:39 | Abomination |
| 18:56 | Crypt Fiend |
| 19:05 | Obsidian Statue |
| 19:39 | Crypt Fiend |
| 19:44 | Abomination |
| 20:28 | Abomination |
| 20:29 | Crypt Fiend |
| 20:32 | Improved Unholy Armor |
| 20:32 | Advanced Unholy Strength |
| Right click | 1005 |
| Select group | 876 |
| Select | 375 |
| Build/train/purchase | 96 |
| Misc. action | 95 |
| Assign group | 44 |
| Use ability | 40 |
| Chat | 15 |
| Minimap ping | 8 |
| Item give/drop | 7 |
| Resource trade | 5 |



| Healing Salve | 3 | 300 |
| Scroll of Speed | 2 | 100 |
| Lesser Clarity Potion | 5 | 350 |
| Orb of Lightning | 2 | 750 |
| Potion of Mana | 2 | 400 |
| Potion of Healing | 2 | 300 |
| Scroll of Town Portal | 3 | 1050 |
| Scroll of Healing | 1 | 250 |
| Rod of Necromancy | 1 | 150 |
| total: | 21 | 3650g |
| Peon | 16 | 1200 | / | 0 |
| Grunt | 5 | 1000 | / | 0 |
| Shaman | 6 | 780 | / | 120 |
| Troll Batrider | 13 | 2080 | / | 520 |
| Goblin Sapper | 3 | 645 | / | 300 |
| total: | 43 | 5705g | / | 940w |
| Watch Tower | 3 | 330 | / | 240 |
| War Mill | 1 | 205 | / | 0 |
| Orc Burrow | 12 | 1920 | / | 480 |
| Barracks | 1 | 180 | / | 50 |
| Altar of Storms | 1 | 180 | / | 50 |
| Great Hall | 2 | 770 | / | 370 |
| Voodoo Lounge | 2 | 260 | / | 60 |
| Beastiary | 5 | 725 | / | 700 |
| Spirit Lodge | 1 | 150 | / | 150 |
| Stronghold | 1 | 315 | / | 190 |
| Fortress | 1 | 325 | / | 190 |
| total: | 28 | 4720g | / | 2100w |
| 0:02 | Peon |
| 0:02 | Peon |
| 0:17 | War Mill |
| 0:22 | Orc Burrow |
| 0:33 | Barracks |
| 0:37 | Peon |
| 0:50 | Peon |
| 1:15 | Altar of Storms |
| 1:16 | Peon |
| 1:24 | Peon |
| 1:24 | Peon |
| 1:46 | Peon |
| 2:00 | Orc Burrow |
| 2:04 | Peon |
| 2:14 | Peon |
| 2:22 | Pillage |
| 2:23 | Grunt |
| 2:43 | Stronghold |
| 3:08 | Grunt |
| 3:32 | Shockwave |
| 3:44 | Grunt |
| 3:47 | Rod of Necromancy |
| 4:19 | Great Hall |
| 4:35 | Voodoo Lounge |
| 4:41 | Endurance Aura |
| 4:58 | Grunt |
| 5:26 | Grunt |
| 5:36 | Peon |
| 5:40 | Berserker Strength |
| 6:01 | Beastiary |
| 6:10 | Orc Burrow |
| 6:34 | Steel Armor |
| 6:40 | Spirit Lodge |
| 6:49 | Healing Salve |
| 7:16 | Fortress |
| 7:30 | Peon |
| 7:30 | Peon |
| 7:56 | Shockwave |
| 8:06 | Peon |
| 8:26 | Shaman |
| 8:26 | Shaman |
| 8:26 | Shaman Adept Training |
| 8:58 | Hex |
| 9:00 | Scroll of Speed |
| 9:02 | Shaman |
| 9:05 | Orc Burrow |
| 9:14 | Orc Burrow |
| 9:28 | Orc Burrow |
| 9:55 | Lesser Clarity Potion |
| 9:55 | Lesser Clarity Potion |
| 10:04 | Scroll of Speed |
| 10:09 | Orc Burrow |
| 10:12 | Orc Burrow |
| 10:15 | Beastiary |
| 10:17 | Beastiary |
| 10:20 | Beastiary |
| 10:29 | Orc Burrow |
| 10:30 | Steel Ranged Weapons |
| 10:35 | Orc Burrow |
| 10:37 | Shaman Master Training |
| 10:38 | Shaman |
| 10:41 | Reinforced Defenses |
| 11:07 | Troll Batrider |
| 11:12 | Peon |
| 11:23 | Endurance Aura |
| 11:44 | Troll Batrider |
| 12:55 | Goblin Sapper |
| 13:01 | Goblin Sapper |
| 13:01 | Goblin Sapper |
| 13:48 | Great Hall |
| 13:53 | Orc Burrow |
| 13:56 | Orc Burrow |
| 14:16 | Troll Batrider |
| 14:16 | Troll Batrider |
| 14:18 | Scroll of Town Portal |
| 14:19 | Lesser Clarity Potion |
| 14:19 | Lesser Clarity Potion |
| 14:21 | Healing Salve |
| 14:25 | Healing Salve |
| 14:31 | Troll Batrider |
| 14:31 | Troll Batrider |
| 14:32 | Shaman |
| 14:33 | Shaman |
| 14:38 | Watch Tower |
| 14:39 | Watch Tower |
| 14:43 | Watch Tower |
| 14:47 | Voodoo Lounge |
| 14:54 | Orb of Lightning |
| 14:58 | Potion of Mana |
| 15:05 | Potion of Healing |
| 15:11 | Potion of Mana |
| 15:13 | Troll Batrider |
| 15:23 | Beastiary |
| 15:46 | Troll Batrider |
| 16:00 | Peon |
| 16:07 | Thorium Ranged Weapons |
| 16:42 | Liquid Fire |
| 16:42 | Troll Batrider |
| 17:07 | Healing Wave |
| 17:26 | Troll Batrider |
| 17:30 | Orb of Lightning |
| 17:36 | Scroll of Town Portal |
| 17:37 | Potion of Healing |
| 17:41 | Lesser Clarity Potion |
| 18:19 | Hex |
| 18:20 | Shockwave |
| 18:23 | Troll Batrider |
| 18:48 | Scroll of Town Portal |
| 18:50 | Scroll of Healing |
| 19:01 | Breath of Fire |
| 19:04 | Troll Batrider |
| 19:07 | Arcanite Ranged Weapons |
| 20:20 | Drunken Haze |
| 20:29 | Troll Batrider |
| Right click | 1089 |
| Select | 566 |
| Chat | 115 |
| Build/train/purchase | 109 |
| Misc. action | 93 |
| Use ability | 88 |
| Select group | 30 |
| Assign group | 9 |
| Item give/drop | 9 |
| Minimap ping | 9 |
| Remove unit | 3 |
| Esc | 3 |

| Potion of Healing | 2 | 300 |
| Orb of Corruption | 1 | 375 |
| Scroll of Town Portal | 3 | 1050 |
| Scroll of Healing | 1 | 250 |
| Scroll of Protection | 1 | 150 |
| total: | 8 | 2125g |
| Acolyte | 19 | 1425 | / | 0 |
| Ghoul | 2 | 240 | / | 0 |
| Gargoyle | 19 | 3325 | / | 570 |
| total: | 40 | 4990g | / | 570w |
| Ziggurat | 15 | 2250 | / | 750 |
| Crypt | 3 | 600 | / | 150 |
| Graveyard | 1 | 215 | / | 0 |
| Altar of Darkness | 1 | 180 | / | 50 |
| Sacrificial Pit | 1 | 75 | / | 150 |
| Halls of the Dead | 1 | 320 | / | 210 |
| total: | 21 | 3320g | / | 1100w |
| 0:04 | Acolyte |
| 0:04 | Acolyte |
| 0:08 | Ziggurat |
| 0:09 | Crypt |
| 0:48 | Graveyard |
| 1:17 | Ghoul |
| 1:17 | Ghoul |
| 1:59 | Halls of the Dead |
| 2:54 | Ziggurat |
| 2:56 | Crypt |
| 3:01 | Crypt |
| 3:04 | Ziggurat |
| 4:26 | Gargoyle |
| 4:26 | Gargoyle |
| 4:28 | Gargoyle |
| 4:28 | Gargoyle |
| 4:30 | Gargoyle |
| 4:35 | Gargoyle |
| 4:54 | Gargoyle |
| 5:06 | Creature Attack |
| 5:26 | Gargoyle |
| 5:42 | Gargoyle |
| 6:06 | Gargoyle |
| 6:17 | Gargoyle |
| 6:35 | Gargoyle |
| 7:21 | Improved Creature Attack |
| 7:25 | Ziggurat |
| 7:26 | Sacrificial Pit |
| 7:38 | Altar of Darkness |
| 7:54 | Acolyte |
| 7:54 | Acolyte |
| 8:09 | Creature Carapace |
| 9:20 | Acolyte |
| 9:20 | Acolyte |
| 9:52 | Improved Creature Carapace |
| 10:29 | Death Coil |
| 11:22 | Unholy Aura |
| 11:33 | Acolyte |
| 11:33 | Acolyte |
| 12:05 | Unholy Aura |
| 12:41 | Gargoyle |
| 12:46 | Acolyte |
| 12:46 | Acolyte |
| 12:46 | Acolyte |
| 12:46 | Acolyte |
| 12:47 | Acolyte |
| 13:57 | Death Coil |
| 14:15 | Gargoyle |
| 14:17 | Gargoyle |
| 14:22 | Ziggurat |
| 14:24 | Ziggurat |
| 14:25 | Ziggurat |
| 14:26 | Ziggurat |
| 14:29 | Ziggurat |
| 14:38 | Gargoyle |
| 15:01 | Scroll of Town Portal |
| 15:02 | Scroll of Healing |
| 15:02 | Potion of Healing |
| 15:06 | Potion of Healing |
| 15:31 | Scroll of Protection |
| 15:43 | Gargoyle |
| 15:46 | Ziggurat |
| 15:58 | Ziggurat |
| 16:01 | Ziggurat |
| 16:03 | Ziggurat |
| 16:06 | Ziggurat |
| 16:49 | Acolyte |
| 16:51 | Ziggurat |
| 17:17 | Acolyte |
| 17:18 | Acolyte |
| 17:18 | Acolyte |
| 17:27 | Unholy Aura |
| 18:35 | Acolyte |
| 18:35 | Acolyte |
| 18:48 | Scroll of Town Portal |
| 18:50 | Orb of Corruption |
| 20:05 | Death Coil |
| 20:08 | Gargoyle |
| 20:09 | Gargoyle |
| 20:31 | Scroll of Town Portal |
| Right click | 448 |
| Select | 179 |
| Build/train/purchase | 64 |
| Chat | 59 |
| Select group | 40 |
| Assign group | 26 |
| Use ability | 21 |
| Minimap ping | 8 |
| Item give/drop | 3 |
⇛